 Dungeon Crawl Stone Soup version 0.29.0-3-gbb0933ed62 (webtiles) character file.

Game seed: 9815052588554270605

54 Kordrann the Poker (level 3, -1/34 HPs)
             Began as a Minotaur Berserker on Aug 25, 2022.
             Was a Believer of Trog.
             Slain by Robin
             ... wielding a +0 spear
              (3 damage)
             ... on level 2 of the Dungeon.
             The game lasted 00:08:46 (1676 turns).

Kordrann the Poker (Minotaur Berserker)             Turns: 1676, Time: 00:08:47

Health: -1/34      AC:  3    Str: 23    XL:     3   Next: 66%
Magic:  2/2        EV: 12    Int:  4    God:    Trog [**....]
Gold:   73         SH:  0    Dex: 15    Spells: 2/2 levels left

rFire   . . .      SeeInvis .   a - +1 spear
rCold   . . .      Faith    .   (no shield)
rNeg    . . .      Spirit   .   e - +0 leather armour
rPois   .          Reflect  .   (helmet restricted)
rElec   .          Harm     +   k - scarf {harm}
rCorr   .          Rampage  .   (no gloves)
Will    .....                   (no boots)
Stlth   +.........              (no amulet)
HPRegen 0.11/turn               n - +6 ring of dexterity
MPRegen 0.08/turn               (no ring)

@: on berserk cooldown, slowed, very slow
A: horns 2, retaliatory headbutt
a: Renounce Religion, Berserk, Trog's Hand


You were on level 2 of the Dungeon.
You worshipped Trog.
Trog was pleased with you.
You visited 1 branch of the dungeon, and saw 2 of its levels.

You collected 73 gold pieces.

Inventory:

Hand Weapons
 a - a +1 spear (weapon)
 c - a +0 short sword
 h - a +0 hand axe
 j - a +0 whip
Missiles
 d - 15 stones (quivered)
Armour
 b - a +0 animal skin
 e - a +0 leather armour (worn)
 f - a +0 cloak
 k - a scarf of harm (worn)
Magical Staves
 l - a staff of earth
Jewellery
 n - a +6 ring of dexterity (left hand)
Scrolls
 m - a scroll of vulnerability
Potions
 g - 2 potions of cancellation


   Skills:
 + Level 4.4 Fighting
 + Level 4.5 Polearms
 + Level 2.9 Armour
 + Level 2.5 Dodging


You had 2 spell levels left.
You didn't know any spells.
Your spell library was empty.

Dungeon Overview and Level Annotations

Branches:
Dungeon (2/15)

Altars:

Shops:
D:1 =   D:2 (

Annotations:
D:2 Robin


Innate Abilities, Weirdness & Mutations

You have a pair of horns on your head.
You reflexively headbutt those who attack you in melee.


Message History

The goblin hits you but does no damage. The goblin hits you with a +0 dagger.
The goblin hits you but does no damage. Robin throws the goblin at you!
You hit the goblin.
The goblin is heavily wounded.
The goblin barely misses you. The goblin hits you with a +0 club.
* * * LOW HITPOINT WARNING * * *
The goblin completely misses you.
You hit the goblin.
You kill the goblin!
Trog accepts your kill. Robin throws the goblin at you!
The goblin barely misses you. The goblin hits you but does no damage.
The goblin closely misses you.
You hit the goblin.
You kill the goblin!
Trog accepts your kill. Robin throws the goblin at you!
* * * LOW HITPOINT WARNING * * *
The goblin completely misses you. The goblin hits you with a +0 dagger.
* * * LOW HITPOINT WARNING * * *
Robin barely misses you. The goblin hits you with a +0 dagger.
* * * LOW HITPOINT WARNING * * *
The goblin closely misses you. You furiously retaliate!
You headbutt the goblin. You puncture the goblin!
You kill the goblin!
Trog accepts your kill.
Robin points. "Kill!"
Robin drinks a potion.
Robin seems to speed up.
The goblin completely misses you.
You hit the goblin.
The goblin is heavily wounded.
Robin throws the goblin at you! The goblin hits you with a +0 dagger.
* * * LOW HITPOINT WARNING * * *
Robin barely misses you.
You hit the goblin.
You kill the goblin!
Trog accepts your kill. Robin hits you but does no damage. x2
Robin hits you with a +0 spear.
You die...

#....∩...## ##........#
#.. ...#....÷## #.######
...##...### #.#.g..
########..# #.#$..# #..#
#.#...### #..# #.#.....
########..######)#..######
..............).@g.(..>...
########..######.##.#..###
#..# #.# .# .$. #..# #.#
.# # #..# #.# .# #..# #.#
.# ########..# #.# .#
.........<# #.# ..
###########


You could see Robin (fast).

Vanquished Creatures
  2 worms (D:2)
  3 dart slugs
  3 bats (D:1)
  6 endoplasms
  11 goblins
  3 hobgoblins (D:2)
  A kobold (D:1)
  A quokka (D:1)
  2 ball pythons (D:1)
  2 frilled lizards (D:1)
  3 rats
37 creatures vanquished.

Notes
Turn   | Place    | Note
-------+----------+-------------------------------------------
     0 | D:1      | Kordrann the Minotaur Berserker began the quest for the
                  | Orb.
     0 | D:1      | Reached XP level 1. HP: 19/19 MP: 0/0
   168 | D:1      | Reached XP level 2. HP: 27/27 MP: 1/1
   708 | D:1      | Found Laejiu's Jewellery Boutique.
  1229 | D:2      | Reached XP level 3. HP: 33/33 MP: 2/2
  1402 | D:2      | Found Notaappueme's Weapon Shop.
  1653 | D:2      | Noticed Robin
  1665 | D:2      | Reached ** piety under Trog
  1676 | D:2      | Slain by Robin

Illustrated notes

Levels and vault maps discovered:
D:1:      dpeg_arrival_long_road, layout_basic, serial_shops, shop
D:2:      layout_basic, serial_shops, nicolae_shop_bloodbath_and_beyond,
          uniq_robin

Skill      XL: |  1  2 |
---------------+-------+-----
Fighting       | 4 |  4.4
Polearms       | 4 |  4.5
Armour         | |  2.9
Dodging        | |  2.5

Action                   || total
-------------------------++-------
Melee: Spear             ||    86
       Headbutt          ||     7
       Punch             ||     1
Invok: Berserk           ||     1
  Use: Potion            ||     7
       Scroll            ||     3
Armor: Animal skin       ||     3
       Leather armour    ||    17
Dodge: Dodged            ||    42
